 Dungeon Crawl Stone Soup version 0.21.1-1-g345015f (webtiles) character file.

163 Mirai the Sneak (level 5, 0/29 HPs)
             Began as a Kobold Enchanter on Apr 27, 2018.
             Slain by a gnoll
             ... wielding a +0 flail
              (11 damage)
             ... on level 4 of the Dungeon.
             The game lasted 00:07:31 (3553 turns).

Mirai the Sneak (Kobold Enchanter)                  Turns: 3553, Time: 00:07:32

Health: 0/29       AC:  3    Str:  7    XL:     5   Next: 73%
Magic:  4/9        EV: 16    Int: 16    God:
Gold:   102        SH:  0    Dex: 15    Spells: 0/9 levels left

rFire    . . .     SeeInvis .   a - +1 dagger
rCold    . . .     Gourm    .   (shield restricted)
rNeg     . . .     Faith    .   b - +0 robe
rPois    .         Spirit   .   (no helmet)
rElec    .         Reflect  .   (no cloak)
rCorr    +         Harm     .   k - +0 pair of gloves
MR       .....                  (no boots)
Stlth    ++........             (no amulet)
HPRegen  0.09/turn              r - ring of resist corrosion
MPRegen  0.11/turn              (no ring)

@: very slightly contaminated, glowing
A: small, carnivore
a: no special abilities


You were on level 4 of the Dungeon.
You were completely stuffed.

You visited 1 branch of the dungeon, and saw 4 of its levels.

You collected 102 gold pieces.

Inventory:

Hand Weapons
 a - a +1 dagger (weapon)
Armour
 b - a +0 robe (worn)
 k - a +0 pair of gloves (worn)
Jewellery
 l - an uncursed ring of fire
 r - a ring of resist corrosion (left hand)
Scrolls
 e - a scroll of noise {unknown}
 g - 2 scrolls of fog {unknown}
 h - a scroll of amnesia {unknown}
 i - 3 scrolls of teleportation {unknown}
 n - 2 scrolls of identify {unknown}
 q - 4 scrolls of remove curse {unknown}
 s - a scroll of enchant weapon {unknown}
 t - a scroll of magic mapping {unknown}
Potions
 f - a potion of curing {unknown}
 j - 2 potions of berserk rage {unknown}
 m - a potion of invisibility {unknown}
 p - a potion of lignification {unknown}
Books
 c - a book of Maledictions

   Spells                             Type                      Level
   a - Corona                         Hexes                        1
   b - Ensorcelled Hibernation        Hexes/Ice                    2
   c - Confuse                        Hexes                        3
   d - Tukima's Dance                 Hexes                        3
   e - Dazzling Spray                 Conjuration/Hexes            3
Comestibles
 d - 5 rations


   Skills:
 + Level 1.3 Fighting
 + Level 2.9 Short Blades
 + Level 3.3 Dodging
 * Level 5.4 Stealth
 + Level 2.8 Spellcasting
 + Level 3.5 Hexes
 + Level 1.1 Ice Magic


You couldn't memorise any spells.
You knew the following spells:

 Your Spells              Type           Power        Failure   Level  Hunger
a - Corona                Hex            ##.....      4%          1    #......
b - Ensorcelled Hibernat  Hex/Ice        #.....       11%         2    ##.....
c - Confuse               Hex            ##......     14%         3    ###....
d - Tukima's Dance        Hex            ##......     14%         3    ###....


Dungeon Overview and Level Annotations

Branches:
Dungeon (4/15)
 Temple: D:4-7

Altars:
Vehumet
Wu Jian
Zin


Innate Abilities, Weirdness & Mutations

You are small and have problems with some larger weapons.
You are carnivorous and can eat meat at any time.


Message History

The helpless gnoll fails to defend itself.
You impale the gnoll!!
You kill the gnoll!
Casting: Ensorcelled Hibernation
Confirm with . or Enter, or press ? or * to list all spells.
Aiming: Ensorcelled Hibernation
Press: ? - help, Shift-Dir - straight line, f - gnoll shaman
Aim: a gnoll shaman, wielding a club and wearing a leather armour (chance to defeat MR: 40%)
The gnoll shaman resists with some effort.
The gnoll shaman hits you with a club.
The gnoll shaman calls upon its god to speed up the gnoll.
The gnoll seems to speed up.
You hear a shout! x2
You hear a shout!
The gnoll shaman invokes the aid of its god against you.
You are outlined in light.
The gnoll hits you with a flail.
There is a stone staircase leading down here.
The gnoll hits you with a flail!
You die...

#....%.gg.
#.........
#....>....
##)#######
#......#
#......#
#.g....#
#.g....#
#.@....#
####'###
#..).#
#.....#
#.....#
#.....#
#..(..#
#....##
######


You could see a gnoll shaman and a gnoll.

Vanquished Creatures
  An orc priest (D:4)
  5 adders (D:2)
  A gnoll (D:4)
  2 oozes
  2 worms (D:2)
  2 dart slugs
  5 leopard geckos
  2 ball pythons
  3 giant cockroaches (D:1)
  5 goblins
  5 hobgoblins
  2 jackals (D:2)
  10 bats
  3 frilled lizards
  6 kobolds
  9 rats
63 creatures vanquished.

Notes
Turn   | Place    | Note
-------+----------+-------------------------------------------
     0 | D:1      | Mirai the Kobold Enchanter began the quest for the Orb.
     0 | D:1      | Reached XP level 1. HP: 10/10 MP: 3/3
   343 | D:1      | Reached XP level 2. HP: 9/15 MP: 5/5
   347 | D:1      | Learned a level 2 spell: Ensorcelled Hibernation
   803 | D:1      | Reached XP level 3. HP: 11/19 MP: 6/6
  1576 | D:2      | Found a radiant altar of Vehumet.
  1941 | D:2      | Found an ornate altar of the Wu Jian Council.
  2016 | D:2      | Reached XP level 4. HP: 24/24 MP: 0/7
  2333 | D:2      | Reached skill level 5 in Stealth
  2460 | D:2      | Reached skill level 1 in Fighting
  2460 | D:2      | Reached XP level 5. HP: 14/29 MP: 4/9
  2762 | D:2      | Found a glowing silver altar of Zin.
  3278 | D:3      | Reached skill level 1 in Ice Magic
  3533 | D:4      | Learned a level 3 spell: Confuse
  3537 | D:4      | Learned a level 3 spell: Tukima's Dance
  3553 | D:4      | Slain by a gnoll

Skill      XL: |  1  2  3  4  5 |
---------------+----------------+-----
Short Blades   | 2 |  2.9
Dodging        | 3 |  3.3
Stealth        | 5 |  5.4
Fighting       | 1 |  1.3
Ice Magic      | 1 |  1.1
Spellcasting   | |  2.8
Hexes          | |  3.5

Action                   |  1- 3 |  4- 6 || total
-------------------------+-------+-------++-------
Melee: Dagger            |   126 |   145 ||   271
 Cast: Ensorcelled Hiber |    14 |    21 ||    35
       Corona            |     1 |       ||     1
 Stab: Sleeping          |    15 |    14 ||    29
       Distracted        |     1 |       ||     1
  Eat: Chunk             |    13 |     6 ||    19
Armor: Robe              |    17 |    21 ||    38
Dodge: Dodged            |   101 |   116 ||   217
